[Event "Live Chess"]
[Site "Chess.com"]
[Date "2010.12.15"]
[Round "-"]
[White "pet2008"]
[Black "hipposcottimus"]
[Result "0-1"]
[CurrentPosition "7k/p5pp/1p6/5p2/8/4pP2/1P3qPP/5K1R w - -"]
[Timezone "UTC"]
[ECO "B00"]
[ECOUrl "https://www.chess.com/openings/Nimzowitsch-Defense-Kennedy-Variation"]
[UTCDate "2010.12.15"]
[UTCTime "20:25:18"]
[WhiteElo "1556"]
[BlackElo "1633"]
[TimeControl "60"]
[Termination "hipposcottimus won by checkmate"]
[StartTime "20:25:18"]
[EndDate "2010.12.15"]
[EndTime "20:27:14"]
[Link "https://www.chess.com/game/live/77645681"]

1. e4 e5 2. d4 Nc6 3. d5 Nce7 4. c3 d6 5. Qc2 c6 6. Bg5 cxd5 7. exd5 f6 8. Bh4 Nxd5 9. Bc4 Nge7 10. Bxd5 Nxd5 11. Nd2 Be7 12. Ne4 O-O 13. Qb3 f5 14. Qxd5+ Kh8 15. Bxe7 Qxe7 16. Nxd6 Be6 17. Qc5 b6 18. Qb4 Rad8 19. Rd1 Bxa2 20. Rd2 Be6 21. Nf3 e4 22. Ne5 e3 23. Nef7+ Bxf7 24. Nxf7+ Rxf7 25. Rxd8+ Qxd8 26. f3 Rd7 27. Qd4 Rxd4 28. cxd4 Qxd4 29. Ke2 Qd2+ 30. Kf1 Qf2# 0-1

[Event "Live Chess"]
[Site "Chess.com"]
[Date "2010.12.15"]
[Round "-"]
[White "hipposcottimus"]
[Black "potomonto"]
[Result "1-0"]
[CurrentPosition "r3r1k1/5pQp/2q1b3/1p6/8/PPB5/B5PP/R4R1K b - -"]
[Timezone "UTC"]
[ECO "C40"]
[ECOUrl "https://www.chess.com/openings/Kings-Pawn-Opening-Kings-Knight-Busch-Gass-Gambit"]
[UTCDate "2010.12.15"]
[UTCTime "20:23:04"]
[WhiteElo "1626"]
[BlackElo "1410"]
[TimeControl "60"]
[Termination "hipposcottimus won by checkmate"]
[StartTime "20:23:04"]
[EndDate "2010.12.15"]
[EndTime "20:24:49"]
[Link "https://www.chess.com/game/live/77645172"]

1. e4 e5 2. Nf3 Bc5 3. Bc4 Bxf2+ 4. Kxf2 d6 5. Rf1 Nf6 6. Kg1 O-O 7. d3 Bg4 8. Nc3 c6 9. Qe2 b5 10. Bb3 a5 11. a3 a4 12. Ba2 Be6 13. b3 axb3 14. cxb3 Nbd7 15. d4 exd4 16. Nxd4 Bg4 17. Qe3 Ne5 18. Bb2 d5 19. exd5 Nxd5 20. Qxe5 Re8 21. Qg3 Nxc3 22. Bxc3 Be6 23. Nxc6 Qb6+ 24. Kh1 Qxc6 25. Qxg7# 1-0

[Event "Live Chess"]
[Site "Chess.com"]
[Date "2010.12.15"]
[Round "-"]
[White "hipposcottimus"]
[Black "dayd"]
[Result "1-0"]
[CurrentPosition "8/6R1/7p/5R1k/5p2/5P2/6PP/6K1 b - -"]
[Timezone "UTC"]
[ECO "B20"]
[ECOUrl "https://www.chess.com/openings/Sicilian-Defense"]
[UTCDate "2010.12.15"]
[UTCTime "20:20:23"]
[WhiteElo "1622"]
[BlackElo "1437"]
[TimeControl "60"]
[Termination "hipposcottimus won on time"]
[StartTime "20:20:23"]
[EndDate "2010.12.15"]
[EndTime "20:22:35"]
[Link "https://www.chess.com/game/live/77644392"]

1. e4 c5 2. Bb5 a6 3. Be2 d6 4. Nf3 Bd7 5. c4 Nf6 6. Nc3 e5 7. d3 Be6 8. Bg5 Be7 9. O-O O-O 10. Nd5 Bxd5 11. exd5 h6 12. Bh4 Nbd7 13. Re1 Nb6 14. a3 Qd7 15. b4 cxb4 16. axb4 a5 17. c5 Nbxd5 18. cxd6 Qxd6 19. d4 Nxb4 20. dxe5 Qxd1 21. Raxd1 Ne4 22. Bxe7 Rfe8 23. Bd6 Nxd6 24. exd6 Red8 25. d7 Nc6 26. Bb5 Kh7 27. Bxc6 bxc6 28. Ne5 Rf8 29. Nxc6 Rg8 30. d8=Q Raxd8 31. Nxd8 Rxd8 32. Rxd8 f6 33. Rd7 a4 34. Re3 a3 35. Rxa3 Kg6 36. Raa7 f5 37. Rxg7+ Kh5 38. Raf7 f4 39. Rh7 Kg5 40. f3 Kg6 41. Rhg7+ Kh5 42. Rf5+ 1-0

[Event "Live Chess"]
[Site "Chess.com"]
[Date "2010.12.15"]
[Round "-"]
[White "dayd"]
[Black "hipposcottimus"]
[Result "0-1"]
[CurrentPosition "8/p5pp/R7/2P1pk2/1P6/5PqP/6P1/4q2K w - -"]
[Timezone "UTC"]
[ECO "C20"]
[ECOUrl "https://www.chess.com/openings/Kings-Pawn-Opening-Leonardis-Variation"]
[UTCDate "2010.12.15"]
[UTCTime "20:18:04"]
[WhiteElo "1441"]
[BlackElo "1618"]
[TimeControl "60"]
[Termination "hipposcottimus won by checkmate"]
[StartTime "20:18:04"]
[EndDate "2010.12.15"]
[EndTime "20:20:01"]
[Link "https://www.chess.com/game/live/77643664"]

1. e4 e5 2. d3 Nc6 3. Be3 Nf6 4. Nc3 d5 5. exd5 Nxd5 6. Bd2 Be6 7. Nxd5 Bxd5 8. Nf3 Be6 9. Be2 Bd6 10. O-O O-O 11. h3 f5 12. Ng5 Qf6 13. Nxe6 Qxe6 14. Bf3 f4 15. Bxc6 bxc6 16. f3 Qg6 17. Qe2 Rf5 18. Qf2 Rg5 19. Kh1 c5 20. Rg1 Rg3 21. Be1 c6 22. Qe2 Bc7 23. Bxg3 fxg3 24. Qe3 Bb6 25. Qe1 c4 26. dxc4 Bf2 27. Qxf2 gxf2 28. Rgf1 Qg3 29. Rae1 Rd8 30. c3 Kf7 31. a3 Rd2 32. b4 Rc2 33. Rd1 Rxc3 34. c5 Rxa3 35. Rd7+ Ke6 36. Rc7 Re3 37. Rxc6+ Kf5 38. Ra6 Re1 39. Rxe1 fxe1=Q# 0-1

[Event "Live Chess"]
[Site "Chess.com"]
[Date "2010.12.15"]
[Round "-"]
[White "Kramer34"]
[Black "hipposcottimus"]
[Result "0-1"]
[CurrentPosition "8/6kp/p5p1/1p1p4/2pP3P/8/PPR5/5K2 w - -"]
[Timezone "UTC"]
[ECO "B01"]
[ECOUrl "https://www.chess.com/openings/Scandinavian-Defense-2.e5"]
[UTCDate "2010.12.15"]
[UTCTime "20:15:12"]
[WhiteElo "1374"]
[BlackElo "1614"]
[TimeControl "60"]
[Termination "hipposcottimus won on time"]
[StartTime "20:15:12"]
[EndDate "2010.12.15"]
[EndTime "20:17:30"]
[Link "https://www.chess.com/game/live/77642947"]

1. e4 d5 2. e5 e6 3. d4 f6 4. c3 fxe5 5. dxe5 c5 6. Bd3 Ne7 7. Ne2 Nbc6 8. O-O Nxe5 9. Bc2 N7g6 10. Nf4 Qf6 11. Nxg6 Nxg6 12. f3 Be7 13. Bxg6+ Qxg6 14. Qe1 O-O 15. Nd2 Bf6 16. Nb3 c4 17. Nc5 b6 18. Nxe6 Bxe6 19. Qxe6+ Kh8 20. Bf4 Bd4+ 21. cxd4 Qxe6 22. Be5 Qg6 23. Rae1 Rf5 24. g4 Re8 25. Kh1 Kg8 26. gxf5 Qxf5 27. Rg1 Qxf3+ 28. Rg2 Rf8 29. Rg1 Rf5 30. Bg3 Rg5 31. Bf2 Qxf2 32. Rxf2 Rxg1+ 33. Kxg1 g6 34. Kf1 a6 35. h4 b5 36. Rc2 Kg7 0-1

[Event "Live Chess"]
[Site "Chess.com"]
[Date "2010.12.15"]
[Round "-"]
[White "hipposcottimus"]
[Black "elom"]
[Result "1-0"]
[CurrentPosition "r4rk1/5ppp/2n5/p1BR1P2/1b5N/2p3N1/6PP/1R4K1 b - -"]
[Timezone "UTC"]
[ECO "B02"]
[ECOUrl "https://www.chess.com/openings/Alekhines-Defense-Scandinavian-Variation-3.exd5"]
[UTCDate "2010.12.15"]
[UTCTime "20:12:55"]
[WhiteElo "1614"]
[BlackElo "1503"]
[TimeControl "60"]
[Termination "hipposcottimus won on time"]
[StartTime "20:12:55"]
[EndDate "2010.12.15"]
[EndTime "20:14:54"]
[Link "https://www.chess.com/game/live/77642348"]

1. e4 d5 2. exd5 Nf6 3. Nc3 c6 4. Bc4 cxd5 5. Bb5+ Bd7 6. d3 Bxb5 7. Nxb5 a6 8. Nc3 e6 9. f4 Bb4 10. Nf3 O-O 11. O-O b5 12. a3 Bd6 13. Ne2 Nc6 14. c4 dxc4 15. dxc4 bxc4 16. Nc3 e5 17. f5 e4 18. Nh4 Be5 19. Ne2 Qxd1 20. Rxd1 a5 21. Bf4 Bxb2 22. Rab1 Bxa3 23. Ng3 Bb4 24. Bg5 Nd5 25. Rxd5 e3 26. Bxe3 c3 27. Bc5 1-0

[Event "Live Chess"]
[Site "Chess.com"]
[Date "2010.12.15"]
[Round "-"]
[White "hipposcottimus"]
[Black "Angryrook28"]
[Result "1-0"]
[CurrentPosition "1r2q1k1/5pQp/4p3/2p2p2/p7/8/bB3PPP/1R2R1K1 b - -"]
[Timezone "UTC"]
[ECO "A06"]
[ECOUrl "https://www.chess.com/openings/Reti-Opening-Tennison-Gambit"]
[UTCDate "2010.12.15"]
[UTCTime "20:10:43"]
[WhiteElo "1614"]
[BlackElo "1458"]
[TimeControl "60"]
[Termination "hipposcottimus won by checkmate"]
[StartTime "20:10:43"]
[EndDate "2010.12.15"]
[EndTime "20:12:29"]
[Link "https://www.chess.com/game/live/77641706"]

1. e4 d5 2. Nf3 Qd7 3. exd5 Qxd5 4. Nc3 Qd8 5. d3 e6 6. Be3 Bb4 7. Be2 Bxc3+ 8. bxc3 Ne7 9. O-O O-O 10. Re1 c6 11. d4 Qa5 12. Bd2 Qb6 13. c4 Qc7 14. c5 b6 15. c3 bxc5 16. dxc5 a6 17. Bc1 a5 18. Ba3 a4 19. Nd4 Nd7 20. Bd3 Nxc5 21. Bxc5 Re8 22. Ba3 c5 23. Nb5 Qc6 24. c4 Ba6 25. Be4 Qc8 26. Qg4 g6 27. Nd6 Qd8 28. Nxe8 Qxe8 29. Bb2 Rb8 30. Rab1 Bxc4 31. Qh4 Bxa2 32. Qh6 Nf5 33. Bxf5 gxf5 34. Qg7# 1-0

[Event "Live Chess"]
[Site "Chess.com"]
[Date "2010.12.15"]
[Round "-"]
[White "lineandstamper"]
[Black "hipposcottimus"]
[Result "1-0"]
[CurrentPosition "3r2k1/pR4p1/2p3p1/3b2B1/3R4/5P2/PP4PP/6K1 b - -"]
[Timezone "UTC"]
[ECO "C45"]
[ECOUrl "https://www.chess.com/openings/Scotch-Game"]
[UTCDate "2010.12.15"]
[UTCTime "19:04:38"]
[WhiteElo "1666"]
[BlackElo "1609"]
[TimeControl "60"]
[Termination "lineandstamper won on time"]
[StartTime "19:04:38"]
[EndDate "2010.12.15"]
[EndTime "19:06:04"]
[Link "https://www.chess.com/game/live/77623862"]

1. e4 e5 2. Nf3 Nc6 3. d4 Nf6 4. dxe5 Nxe4 5. Nc3 d5 6. Nxe4 dxe4 7. Qxd8+ Nxd8 8. Nd4 Be7 9. Bc4 f5 10. exf6 Bxf6 11. c3 Bxd4 12. cxd4 Be6 13. Bb5+ c6 14. Ba4 O-O 15. Bc2 Bd5 16. O-O Rf6 17. Re1 Rg6 18. f3 e3 19. Bxg6 e2 20. Rxe2 hxg6 21. Re8+ Kf7 22. Re5 Ne6 23. Bg5 Nxd4 24. Re7+ Kg8 25. Rxb7 Nc2 26. Rc1 Nd4 27. Rd1 Rd8 28. Rxd4 1-0

[Event "Live Chess"]
[Site "Chess.com"]
[Date "2010.12.15"]
[Round "-"]
[White "rgp"]
[Black "hipposcottimus"]
[Result "1-0"]
[CurrentPosition "r2q1rk1/2p2ppQ/pp1p1b2/n7/3P4/5b1P/PPB2PP1/RNB1R1K1 b - -"]
[Timezone "UTC"]
[ECO "C65"]
[ECOUrl "https://www.chess.com/openings/Ruy-Lopez-Opening-Berlin-Defense-4.O-O"]
[UTCDate "2010.12.15"]
[UTCTime "19:01:17"]
[WhiteElo "1611"]
[BlackElo "1609"]
[TimeControl "60"]
[Termination "rgp won by checkmate"]
[StartTime "19:01:17"]
[EndDate "2010.12.15"]
[EndTime "19:02:26"]
[Link "https://www.chess.com/game/live/77623100"]

1. e4 e5 2. Nf3 Nc6 3. Bb5 Nf6 4. O-O a6 5. Ba4 Be7 6. Re1 O-O 7. c3 d6 8. Bc2 Bg4 9. h3 Bh5 10. d4 exd4 11. cxd4 Na5 12. Qd3 b6 13. e5 Bxf3 14. exf6 Bxf6 15. Qxh7# 1-0

[Event "Live Chess"]
[Site "Chess.com"]
[Date "2010.12.15"]
[Round "-"]
[White "JetDash"]
[Black "hipposcottimus"]
[Result "0-1"]
[CurrentPosition "r2q1rk1/pp3ppp/2pb4/3p3n/P2P1P2/1PN1PpnP/2P2R2/R1B1QKN1 w - -"]
[Timezone "UTC"]
[ECO "D00"]
[ECOUrl "https://www.chess.com/openings/Queens-Pawn-Opening-1...d5-2.e3"]
[UTCDate "2010.12.15"]
[UTCTime "07:42:51"]
[WhiteElo "1727"]
[BlackElo "1626"]
[TimeControl "60"]
[Termination "hipposcottimus won by checkmate"]
[StartTime "07:42:51"]
[EndDate "2010.12.15"]
[EndTime "07:44:11"]
[Link "https://www.chess.com/game/live/77468309"]

1. d4 d5 2. e3 c6 3. Nc3 e6 4. a3 Nd7 5. g3 Ngf6 6. Bg2 Bd6 7. Nge2 e5 8. O-O e4 9. f4 O-O 10. b3 Ng4 11. a4 Ndf6 12. h3 Nh6 13. Rf2 Nh5 14. g4 Bxg4 15. Qe1 Bf3 16. Bxf3 exf3 17. Kf1 Nf5 18. Ng1 Nfg3# 0-1

[Event "Live Chess"]
[Site "Chess.com"]
[Date "2010.12.15"]
[Round "-"]
[White "hipposcottimus"]
[Black "jepone"]
[Result "1-0"]
[CurrentPosition "8/8/1k6/p7/5pNP/8/5PP1/6K1 b - -"]
[Timezone "UTC"]
[ECO "B30"]
[ECOUrl "https://www.chess.com/openings/Sicilian-Defense-Nyezhmetdinov-Rossolimo-Attack-3...e6-4.Bxc6-bxc6"]
[UTCDate "2010.12.15"]
[UTCTime "07:20:12"]
[WhiteElo "1626"]
[BlackElo "1482"]
[TimeControl "60"]
[Termination "hipposcottimus won on time"]
[StartTime "07:20:12"]
[EndDate "2010.12.15"]
[EndTime "07:22:09"]
[Link "https://www.chess.com/game/live/77464140"]

1. e4 c5 2. Nf3 Nc6 3. Bb5 e6 4. Bxc6 bxc6 5. c4 Bb7 6. Nc3 d5 7. d3 dxe4 8. dxe4 Qxd1+ 9. Kxd1 O-O-O+ 10. Ke2 Bd6 11. Re1 Nf6 12. Kf1 h6 13. e5 Ng4 14. exd6 Rxd6 15. h3 Nf6 16. Ne5 g5 17. Nxf7 Rdd8 18. Nxd8 Rxd8 19. Na4 Rd4 20. Nxc5 Rxc4 21. Nxe6 Nd5 22. Ng7 Nf4 23. Re8+ Kc7 24. Bxf4+ gxf4 25. Rae1 Kb6 26. R8e7 Ba6 27. Kg1 Rc2 28. R7e6 Rxb2 29. Nf5 Rxa2 30. Rc1 Ra5 31. Rexc6+ Kb5 32. R1c5+ Ka4 33. Rxa5+ Kxa5 34. Rxa6+ Kxa6 35. Nxh6 Kb6 36. Ng4 a5 37. h4 1-0

[Event "Live Chess"]
[Site "Chess.com"]
[Date "2010.12.15"]
[Round "-"]
[White "thinkaboutitplz"]
[Black "hipposcottimus"]
[Result "1-0"]
[CurrentPosition "r1bq1rk1/pp1nb1p1/4p1B1/3pp2Q/3P4/2N1P1P1/PP3PP1/R3K2R b KQ -"]
[Timezone "UTC"]
[ECO "D10"]
[ECOUrl "https://www.chess.com/openings/Slav-Defense-3.Nc3"]
[UTCDate "2010.12.15"]
[UTCTime "06:56:36"]
[WhiteElo "1598"]
[BlackElo "1625"]
[TimeControl "60"]
[Termination "thinkaboutitplz won on time"]
[StartTime "06:56:36"]
[EndDate "2010.12.15"]
[EndTime "06:57:27"]
[Link "https://www.chess.com/game/live/77459748"]

1. d4 d5 2. c4 c6 3. Nc3 Nd7 4. cxd5 cxd5 5. Nf3 e6 6. Bf4 Ngf6 7. e3 Nh5 8. Be5 f6 9. Bg3 Nxg3 10. hxg3 Be7 11. Bd3 O-O 12. Bxh7+ Kf7 13. Bg6+ Kg8 14. Ne5 fxe5 15. Qh5 1-0

[Event "Live Chess"]
[Site "Chess.com"]
[Date "2010.12.15"]
[Round "-"]
[White "hipposcottimus"]
[Black "teardrop2006"]
[Result "0-1"]
[CurrentPosition "r4rk1/p5pp/2pN2b1/8/5p2/1P2R1R1/P1P3PP/7K w - -"]
[Timezone "UTC"]
[ECO "C40"]
[ECOUrl "https://www.chess.com/openings/Kings-Pawn-Opening-Kings-Knight-Elephant-Gambit"]
[UTCDate "2010.12.15"]
[UTCTime "04:37:23"]
[WhiteElo "1437"]
[BlackElo "1508"]
[TimeControl "480"]
[Termination "teardrop2006 won by resignation"]
[StartTime "04:37:23"]
[EndDate "2010.12.15"]
[EndTime "04:47:03"]
[Link "https://www.chess.com/game/live/77433273"]

1. e4 e5 2. Nf3 d5 3. d3 dxe4 4. Ng5 exd3 5. Bxd3 Be7 6. Ne4 Nf6 7. O-O Nc6 8. Nbc3 Be6 9. f4 exf4 10. Bxf4 Qd4+ 11. Kh1 Ng4 12. Bg3 Ne3 13. Nb5 Qb6 14. Bxc7 Qxb5 15. Bxb5 Nxd1 16. Raxd1 O-O 17. Bxc6 bxc6 18. b3 Bd5 19. Nc3 Be6 20. Rf3 Bf6 21. Rdd3 Bg4 22. Rg3 Bh5 23. Ne4 Be7 24. Be5 Bg6 25. Rde3 f5 26. Bd6 Bxd6 27. Nxd6 f4 0-1

[Event "Live Chess"]
[Site "Chess.com"]
[Date "2010.12.15"]
[Round "-"]
[White "permana"]
[Black "hipposcottimus"]
[Result "1-0"]
[CurrentPosition "r1b2rk1/pp3ppp/1bnq1n2/8/2BP1p2/P4N2/1PP1N1PP/R1BQ1RK1 w - -"]
[Timezone "UTC"]
[ECO "C36"]
[ECOUrl "https://www.chess.com/openings/Kings-Gambit-Accepted-Modern-Defense-4.exd5"]
[UTCDate "2010.12.15"]
[UTCTime "02:31:34"]
[WhiteElo "1545"]
[BlackElo "1437"]
[TimeControl "600"]
[Termination "permana won by resignation"]
[StartTime "02:31:34"]
[EndDate "2010.12.15"]
[EndTime "02:34:34"]
[Link "https://www.chess.com/game/live/77406617"]

1. e4 e5 2. f4 d5 3. exd5 exf4 4. Nf3 Nf6 5. Nc3 Bb4 6. Bc4 O-O 7. O-O c6 8. dxc6 Nxc6 9. a3 Bc5+ 10. d4 Bb6 11. Ne2 Qd6 1-0

[Event "Live Chess"]
[Site "Chess.com"]
[Date "2010.12.15"]
[Round "-"]
[White "hipposcottimus"]
[Black "tobby59"]
[Result "1-0"]
[CurrentPosition "r7/2p1kp2/2p5/p7/5NQp/4B1nP/PP4PK/3R4 b - -"]
[Timezone "UTC"]
[ECO "B00"]
[ECOUrl "https://www.chess.com/openings/Kings-Pawn-Opening-Goldsmith-Defense-2.d4"]
[UTCDate "2010.12.15"]
[UTCTime "01:33:12"]
[WhiteElo "1634"]
[BlackElo "1376"]
[TimeControl "60"]
[Termination "hipposcottimus won on time"]
[StartTime "01:33:12"]
[EndDate "2010.12.15"]
[EndTime "01:35:12"]
[Link "https://www.chess.com/game/live/77394054"]

1. e4 h5 2. d4 a5 3. e5 d5 4. exd6 Qxd6 5. Ne2 Bg4 6. f3 Bf5 7. Nec3 Nc6 8. Bb5 Kd8 9. Bxc6 bxc6 10. O-O e5 11. f4 exd4 12. Ne2 d3 13. cxd3 Bxd3 14. Nd2 Bxe2 15. Qxe2 Nf6 16. Rd1 Qc5+ 17. Kh1 Ng4 18. Nb3+ Qd6 19. Rxd6+ Bxd6 20. h3 Nf6 21. Be3 Kd7 22. Rd1 Rhe8 23. Nd4 Ne4 24. Nf5 Ng3+ 25. Kh2 h4 26. Qg4 Re6 27. Nxg7 Ke7 28. Nxe6 Bxf4 29. Nxf4 1-0

[Event "Live Chess"]
[Site "Chess.com"]
[Date "2010.12.15"]
[Round "-"]
[White "tobby59"]
[Black "hipposcottimus"]
[Result "0-1"]
[CurrentPosition "8/p3k2p/8/8/8/5K1r/8/8 w - -"]
[Timezone "UTC"]
[ECO "C20"]
[ECOUrl "https://www.chess.com/openings/Kings-Pawn-Opening-Leonardis-Variation"]
[UTCDate "2010.12.15"]
[UTCTime "01:30:40"]
[WhiteElo "1379"]
[BlackElo "1631"]
[TimeControl "60"]
[Termination "hipposcottimus won on time"]
[StartTime "01:30:40"]
[EndDate "2010.12.15"]
[EndTime "01:32:56"]
[Link "https://www.chess.com/game/live/77393500"]

1. e4 e5 2. d3 Nc6 3. h4 d5 4. Be2 dxe4 5. dxe4 Nd4 6. c3 Nxe2 7. Qxe2 Bd6 8. Bg5 Nf6 9. Nf3 Bg4 10. Qb5+ c6 11. Qxb7 Rb8 12. Qxc6+ Qd7 13. Qxd7+ Nxd7 14. Nbd2 Rxb2 15. Rd1 Nc5 16. Ke2 O-O 17. Be3 Na4 18. h5 Nxc3+ 19. Kd3 Nxd1 20. Rxd1 Rxd2+ 21. Rxd2 Bxf3 22. gxf3 Rd8 23. Ke2 Rd7 24. Rb2 Kf8 25. Rb8+ Ke7 26. f4 Bxb8 27. fxe5 Rb7 28. Kf3 Rb2 29. Bg5+ f6 30. exf6+ gxf6 31. Bf4 Bxf4 32. Kxf4 Rxf2+ 33. Ke3 Rxa2 34. e5 Ra3+ 35. Kf4 fxe5+ 36. Kxe5 Ra5+ 37. Kf4 Rxh5 38. Kf3 Rh3+ 0-1

[Event "Live Chess"]
[Site "Chess.com"]
[Date "2010.12.15"]
[Round "-"]
[White "hipposcottimus"]
[Black "tobby59"]
[Result "1-0"]
[CurrentPosition "2b5/2pk1R1q/2r1p1p1/8/pP1P4/8/P2K2PP/3R4 b - -"]
[Timezone "UTC"]
[ECO "B07"]
[ECOUrl "https://www.chess.com/openings/Pirc-Defense"]
[UTCDate "2010.12.15"]
[UTCTime "01:28:20"]
[WhiteElo "1628"]
[BlackElo "1382"]
[TimeControl "60"]
[Termination "hipposcottimus won on time"]
[StartTime "01:28:20"]
[EndDate "2010.12.15"]
[EndTime "01:30:29"]
[Link "https://www.chess.com/game/live/77392950"]

1. e4 d6 2. d3 h5 3. f4 a5 4. Be2 Ra6 5. Bxh5 g6 6. Be2 Rc6 7. Nc3 Nf6 8. Nd5 e6 9. Nxf6+ Qxf6 10. Nf3 Bh6 11. e5 dxe5 12. fxe5 Qf5 13. Nd4 Qxe5 14. Nxc6 bxc6 15. Bxh6 Rxh6 16. Qd2 Rh4 17. O-O-O Rb4 18. b3 a4 19. c3 Rb6 20. b4 c5 21. d4 cxd4 22. cxd4 Qd5 23. Bf3 Qd6 24. Qh6 Kd7 25. Qg7 Nc6 26. Qxf7+ Qe7 27. Bxc6+ Rxc6+ 28. Kd2 Qxf7 29. Rhf1 Qh7 30. Rf7+ 1-0

[Event "Live Chess"]
[Site "Chess.com"]
[Date "2010.12.15"]
[Round "-"]
[White "hipposcottimus"]
[Black "WALIED80"]
[Result "0-1"]
[CurrentPosition "2kr4/Bpp3p1/4q3/4P3/N7/1K3Q2/PP4P1/5R2 w - -"]
[Timezone "UTC"]
[ECO "C50"]
[ECOUrl "https://www.chess.com/openings/Italian-Game-Blackburne-Shilling-Gambit"]
[UTCDate "2010.12.15"]
[UTCTime "01:24:51"]
[WhiteElo "1625"]
[BlackElo "1781"]
[TimeControl "60"]
[Termination "WALIED80 won on time"]
[StartTime "01:24:51"]
[EndDate "2010.12.15"]
[EndTime "01:27:05"]
[Link "https://www.chess.com/game/live/77392170"]

1. e4 e5 2. Nf3 Nc6 3. Bc4 Nd4 4. Nxd4 exd4 5. d3 d6 6. c3 Be6 7. cxd4 Bxc4 8. dxc4 Be7 9. Nc3 Nf6 10. O-O Qd7 11. f4 O-O-O 12. e5 dxe5 13. fxe5 Ng4 14. Kh1 h5 15. h3 f6 16. hxg4 hxg4+ 17. Kg1 g3 18. Be3 fxe5 19. dxe5 Qe6 20. Qf3 Qxc4 21. Qxg3 Bh4 22. Qf3 Rdf8 23. Qd5 Rxf1+ 24. Rxf1 Qg4 25. Qf3 Bf2+ 26. Kxf2 Qh4+ 27. Ke2 Qc4+ 28. Kd2 Rd8+ 29. Kc2 Qd3+ 30. Kb3 Qa6 31. Na4 Qc6 32. Bxa7 Qe6+ 0-1

[Event "Live Chess"]
[Site "Chess.com"]
[Date "2010.12.15"]
[Round "-"]
[White "caturku1"]
[Black "hipposcottimus"]
[Result "0-1"]
[CurrentPosition "r1b1r3/pp3k1p/2p2Np1/6R1/1P6/2P2K2/P5PP/8 w - -"]
[Timezone "UTC"]
[ECO "C44"]
[ECOUrl "https://www.chess.com/openings/Ponziani-Opening-Jaenisch-Counterattack-4.d4"]
[UTCDate "2010.12.15"]
[UTCTime "01:23:24"]
[WhiteElo "1388"]
[BlackElo "1630"]
[TimeControl "60"]
[Termination "hipposcottimus won on time"]
[StartTime "01:23:24"]
[EndDate "2010.12.15"]
[EndTime "01:24:27"]
[Link "https://www.chess.com/game/live/77391601"]

1. e4 e5 2. Nf3 Nc6 3. c3 Nf6 4. d4 d5 5. Bd3 dxe4 6. Bxe4 Nxe4 7. Nxe5 Nxe5 8. dxe5 Qxd1+ 9. Kxd1 Nxf2+ 10. Ke2 Nxh1 11. Bf4 Bc5 12. Nd2 O-O 13. b4 Bb6 14. Rxh1 f6 15. Rf1 fxe5 16. Bxe5 Rd8 17. Ne4 Re8 18. Rf5 c6 19. Rg5 g6 20. Bf6 Bd8 21. Kf3 Bxf6 22. Nxf6+ Kf7 0-1

[Event "Live Chess"]
[Site "Chess.com"]
[Date "2010.12.15"]
[Round "-"]
[White "hipposcottimus"]
[Black "tripp123"]
[Result "1-0"]
[CurrentPosition "3r4/1k1n1pp1/1Bp2nb1/1p1p4/8/1PP1Q1P1/r4RK1/8 b - -"]
[Timezone "UTC"]
[ECO "B12"]
[ECOUrl "https://www.chess.com/openings/Caro-Kann-Defense-2.d4-d5-3.Nf3"]
[UTCDate "2010.12.15"]
[UTCTime "01:18:51"]
[WhiteElo "1627"]
[BlackElo "1627"]
[TimeControl "60"]
[Termination "hipposcottimus won on time"]
[StartTime "01:18:51"]
[EndDate "2010.12.15"]
[EndTime "01:21:01"]
[Link "https://www.chess.com/game/live/77390827"]

1. e4 c6 2. Nf3 d5 3. d4 dxe4 4. Ng5 Nf6 5. Nc3 Bf5 6. f3 exf3 7. Nxf3 Bg4 8. Be2 e6 9. O-O Bb4 10. Ne5 Bxe2 11. Ng4 Bxg4 12. Qd3 Bf5 13. Qe3 Nbd7 14. Ne2 Bd6 15. Ng3 Bg6 16. b3 Qc7 17. a4 Bxg3 18. hxg3 O-O-O 19. Ba3 h5 20. Bc5 b6 21. Bb4 h4 22. d5 exd5 23. a5 b5 24. Bc5 h3 25. Bxa7 hxg2 26. Bb6 Qb7 27. Rf2 Rh1+ 28. Kxg2 Rxa1 29. a6 Ra2 30. axb7+ Kxb7 31. c3 1-0

[Event "Live Chess"]
[Site "Chess.com"]
[Date "2010.12.15"]
[Round "-"]
[White "primetheGREAT"]
[Black "hipposcottimus"]
[Result "1-0"]
[CurrentPosition "r3r1k1/p4pp1/1p5p/1qp3bN/6Q1/PnP5/1PKN2PP/3R3R b - -"]
[Timezone "UTC"]
[ECO "C23"]
[ECOUrl "https://www.chess.com/openings/Bishops-Opening-2...Nc6-3.d3-Nf6"]
[UTCDate "2010.12.15"]
[UTCTime "01:03:21"]
[WhiteElo "1423"]
[BlackElo "1619"]
[TimeControl "60"]
[Termination "primetheGREAT won on time"]
[StartTime "01:03:21"]
[EndDate "2010.12.15"]
[EndTime "01:05:28"]
[Link "https://www.chess.com/game/live/77387282"]

1. e4 e5 2. Bc4 Nc6 3. d3 Nf6 4. c3 d5 5. exd5 Nxd5 6. Qf3 Nf6 7. Bg5 Bg4 8. Qe3 Be7 9. f3 Bh5 10. Nd2 Bg6 11. Bxf6 Bxf6 12. O-O-O O-O 13. a3 Na5 14. Ba2 b6 15. Nh3 c5 16. f4 exf4 17. Nxf4 Re8 18. Qh3 h6 19. Bb1 Bh7 20. Nh5 Bg5 21. Qg4 Bxd3 22. Bxd3 Qxd3 23. Nf4 Qb5 24. Nh5 Nb3+ 25. Kc2 1-0

[Event "Live Chess"]
[Site "Chess.com"]
[Date "2010.12.15"]
[Round "-"]
[White "hipposcottimus"]
[Black "primetheGREAT"]
[Result "0-1"]
[CurrentPosition "2k5/Rp6/2pp4/3np3/4P3/1PK5/1PP1q1r1/8 w - -"]
[Timezone "UTC"]
[ECO "C41"]
[ECOUrl "https://www.chess.com/openings/Philidor-Defense-3.Bc4"]
[UTCDate "2010.12.15"]
[UTCTime "01:00:50"]
[WhiteElo "1630"]
[BlackElo "1410"]
[TimeControl "60"]
[Termination "primetheGREAT won on time"]
[StartTime "01:00:50"]
[EndDate "2010.12.15"]
[EndTime "01:02:47"]
[Link "https://www.chess.com/game/live/77386688"]

1. e4 e5 2. Nf3 d6 3. Bc4 c6 4. d4 f6 5. Bb3 h5 6. O-O Qc7 7. d5 g5 8. Nxg5 fxg5 9. Bxg5 Bg4 10. f3 Be7 11. Qd2 Nd7 12. fxg4 Bxg5 13. Qxg5 Ne7 14. gxh5 Nc5 15. Nc3 O-O-O 16. h6 Rdg8 17. Qh5 Nxb3 18. h7 Rg7 19. axb3 Rgxh7 20. Qe2 Rxh2 21. Kf2 Qb6+ 22. Ke1 Rg8 23. Kd2 Rhxg2 24. Rf2 Rxf2 25. Qxf2 Qxf2+ 26. Ne2 Rg2 27. Kc3 Qxe2 28. Rxa7 Nxd5+ 0-1